 Dungeon Crawl Stone Soup version 0.20.1-1-g8b1a95d (console) character file.

54 hilaritas the Slasher (level 4, -2/52 HPs)
             Began as a Human Berserker on Dec 30, 2017.
             Was a Follower of Trog.
             Succumbed to a gnoll's poison
             ... on level 2 of the Dungeon.
             The game lasted 00:04:45 (1321 turns).

hilaritas the Slasher (Human Berserker)             Turns: 1321, Time: 00:04:46

Health: -2/52      AC: 22    Str: 19    XL:     4   Next: 12%
Magic:  4/4        EV:  2    Int:  7    God:    Trog [*.....]
Gold:   151        SH:  0    Dex: 12    Spells: 3/3 levels left

rFire    . . .     SeeInvis .   a - +1 falchion
rCold    . . .     Gourm    .   (no shield)
rNeg     + + +     Faith    .   (armour currently unavailable)
rPois    +         Spirit   .   (helmet currently unavailable)
rElec    .         Reflect  .   (cloak currently unavailable)
rCorr    .         Harm     .   (gloves currently unavailable)
MR       .....     NoTele   +   (boots currently unavailable)
Stlth    +.........             (no amulet)
Regen    0.2/turn               (no ring)
MPRegen  0.1/turn               (no ring)

@: lethally poisoned (-2 -> -24), tree-form, berserk cooldown, slowed, very slow
A: no striking features
a: Berserk, Burn Spellbooks, Renounce Religion


You were on level 2 of the Dungeon.
You worshipped Trog.
Trog was aware of your devotion.
You were very hungry.
You were a tree.
You visited 1 branch of the dungeon, and saw 2 of its levels.

You collected 151 gold pieces.

Inventory:

Hand Weapons
 a - a +1 falchion (weapon)
 d - a +0 dagger
Armour
 i - a +0 chain mail (melded)
Scrolls
 e - 2 scrolls of teleportation
 h - 2 scrolls of remove curse
Comestibles
 c - 2 bread rations
 f - 2 royal jellies


   Skills:
 + Level 3.5 Fighting
 * Level 4.2 Long Blades
 - Level 2.0 Armour
 - Level 2.0 Dodging


You had 3 spell levels left.
You didn't know any spells.

Dungeon Overview and Level Annotations

Branches:
Dungeon (2/15)

Altars:


Message History

You have reached level 4!
You feel stronger.
* * * LOW HITPOINT WARNING * * *
You feel sick. The gnoll hits you but does no damage.
You are more poisoned.
* * * LOW HITPOINT WARNING * * *
You feel sick.
You feel a strong urge to attack something.
* * * LOW HITPOINT WARNING * * *
You feel sick. The gnoll barely misses you.
* * * LOW HITPOINT WARNING * * *
You feel sick. The gnoll hits you but does no damage.
You are more poisoned.
You feel your anger subside.
You are no longer berserk.
You are exhausted.
You feel yourself slow down.
* * * LOW HITPOINT WARNING * * *
You feel sick.
Unknown command.
You die...

##......# ####..#.#
........#
#.......#####.#
...............
#..............
#.......#####.###
#......(# #...
#.......#####..#
####.##........#######..
###...#..####%..♣)ggr...
............[..#######..
###...#.########
####.##.#######
...............
####.##.##.####
####.##[##.#
...........##
####.##.#...# #
#..........
.....[..#####


You could see 2 gnolls and a rat.

Vanquished Creatures
  2 gnolls (D:2)
  An ooze (D:2)
  A leopard gecko (D:1)
  4 bats (D:1)
  A giant cockroach (D:1)
  4 goblins (D:1)
  6 hobgoblins
  5 kobolds
  2 frilled lizards
  A rat (D:1)
27 creatures vanquished.

Vanquished Creatures (others)
  4 toadstools (D:1)
4 creatures vanquished.

Grand Total: 31 creatures vanquished

Notes
Turn   | Place    | Note
-------+----------+-------------------------------------------
     0 | D:1      | hilaritas the Human Berserker began the quest for the Orb.
     0 | D:1      | Reached XP level 1. HP: 18/18 MP: 1/1
   232 | D:1      | Reached XP level 2. HP: 24/24 MP: 2/2
   584 | D:1      | Reached XP level 3. HP: 29/29 MP: 3/3
  1311 | D:2      | Reached skill level 4 in Long Blades
  1314 | D:2      | HP: 4/43 [gnoll (1)]
  1316 | D:2      | Reached XP level 4. HP: 7/35 MP: 4/4
  1319 | D:2      | HP: 3/78 [poisoned by a gnoll]
  1320 | D:2      | HP: 1/52 [poisoned by a gnoll]
  1321 | D:2      | Succumbed to a gnoll's poison

Skill      XL: |  1  2  3 |
---------------+----------+-----
Long Blades    | 4 |  4.2
Fighting       | |  3.5
Armour         | |  2.0
Dodging        | |  2.0

Action                   |  1- 3 |  4- 6 || total
-------------------------+-------+-------++-------
Melee: Falchion          |    72 |       ||    72
Invok: Berserk           |     1 |       ||     1
  Use: Scroll            |     6 |       ||     6
       Potion            |     1 |       ||     1
 Stab: Sleeping          |     1 |       ||     1
  Eat: Chunk             |     1 |       ||     1
Armor: Animal skin       |    16 |       ||    16
       Skin              |     3 |     2 ||     5
       Chain mail        |     2 |       ||     2
Dodge: Dodged            |    48 |     1 ||    49
       Rpst.: Falchion   |    18 |       ||    18
